 Dungeon Crawl Stone Soup version 0.30-a0-1043-g60ff8d5f49 (webtiles) character file.

Game seed: 15183603372353961454

6982 Lobster4 the Caller (level 11, -2/124 HPs)
             Began as a Human Wanderer on Apr 10, 2023.
             Was a Believer of Sif Muna.
             Slain by Erica
             ... wielding a +0 scimitar of flaming
              (3 damage)
             ... on level 9 of the Dungeon.
             The game lasted 00:35:31 (10766 turns).

Lobster4 the Caller (Human Wanderer)               Turns: 10766, Time: 00:35:31

Health: -2/124     AC: 25    Str: 12    XL:     11   Next: 28%
Magic:  20/20      EV:  2    Int: 18    God:    Sif Muna [**....]
Gold:   414        SH:  0    Dex: 12    Spells: 17/22 levels left

rFire   . . .      SeeInvis .    a - +4 dagger (venom)
rCold   . . .      Faith    .    (no shield)
rNeg    . . .      Spirit   .    z - melded +1 ring mail of the Tired Artists {Str+2 Int+2}
rPois   +          Reflect  .    f - melded +2 helmet
rElec   .          Rampage  .    (cloak currently unavailable)
rCorr   .          NoTele   +    D - melded +1 pair of gloves
Will    .....                    C - melded +1 pair of boots
Stlth   ++                       k - amulet of the acrobat
HPRegen 0.40/turn                (no ring)
MPRegen 0.17/turn                (no ring)

@: tree-form
A: stationary, stasis, torment immunity, boosted hp
a: Renounce Religion, Channel Magic


You were on level 9 of the Dungeon.
You worshipped Sif Muna.
Sif Muna was pleased with you.
You were a tree.
You visited 2 branches of the dungeon, and saw 10 of its levels.
You also visited: Sewer.

You collected 414 gold pieces.

Inventory:

Hand Weapons
 a - a +4 dagger of venom (weapon)
 b - a +0 sling
 g - a +0 mace
 r - a +0 rapier
 u - a +2 short sword of draining
 H - a +0 shortbow
 J - a +2 whip of freezing
 K - a +3 dagger
 M - a +2 whip of venom
Missiles
 i - 5 boomerangs of dispersal
 l - 53 poisoned darts (quivered)
 n - 7 javelins
 N - 3 silver boomerangs
Armour
 f - a +2 helmet (melded)
 x - +0 steam dragon scales
 z - the +1 ring mail of the Tired Artists (melded) {Str+2 Int+2}
   (You found it on level 3 of the Dungeon)

   Str:       It affects your strength (+2).
   Int:       It affects your intelligence (+2).
 C - a +1 pair of boots (melded)
 D - a +1 pair of gloves (melded)
 R - the +1 robe of Vines {NoPotionHeal Regen++++}
   (You found it on level 8 of the Dungeon)

   NoPotionHeal: Its wearer cannot be healed by potions.
   Regen:     It increases your rate of health regeneration.
Magical Staves
 d - a staff of fire
Jewellery
 c - an amulet of magic regeneration
 k - an amulet of the acrobat (around neck)
 m - a ring of fire
 w - the ring of Parphych {rPois Will- rCorr Str+6}
   (You found it on level 7 of the Dungeon)

   [ring of strength]

   Str:       It affects your strength (+6).
   rPois:     It protects you from poison.
   rCorr:     It protects you from acid and corrosion.
   Will:      It decreases your willpower.
Wands
 h - a wand of charming (6)
 y - a wand of polymorph (5)
 B - a wand of roots (11)
 L - a wand of flame (17)
Scrolls
 e - 2 scrolls of enchant armour
 j - 4 scrolls of magic mapping
 q - 4 scrolls of teleportation
 A - a scroll of identify
 E - a scroll of amnesia
 F - a scroll of butterflies
 G - a scroll of enchant weapon
 I - a scroll of immolation
 P - a scroll of fear
 Q - a scroll of noise {unknown}
Potions
 o - a potion of might
 p - a potion of lignification
 s - a potion of brilliance
 t - 2 potions of mutation
 v - 2 potions of flight
 S - a potion of magic {unknown}


   Skills:
 + Level 6.4 Fighting
 - Level 3.0 Short Blades
 - Level 2.0 Maces & Flails
 - Level 3.0 Throwing
 - Level 6.0 Armour
 - Level 3.0 Dodging
 - Level 1.0 Stealth
 + Level 6.3 Spellcasting
 + Level 7.8 Summonings
 + Level 6.7 Earth Magic
 + Level 4.9 Invocations
 - Level 3.0 Evocations


You had 17 spell levels left.
You knew the following spells:

 Your Spells              Type           Power      Damage    Failure   Level
a - Summon Small Mammal   Summ           100%       N/A       1%          1
b - Sandblast             Erth           58%        2d13      1%          1
c - Stone Arrow           Conj/Erth      34%        3d9       9%          3

Your spell library contained the following spells:

 Spells                   Type           Power      Damage    Failure   Level
 Summon Guardian Golem    Hex/Summ       19%        N/A       7%          3
 Summon Ice Beast         Ice/Summ       19%        N/A       22%         4
 Ozocubu's Armour         Ice            5%         N/A       34%         3
 Vhi's Electric Charge    Tloc/Air       10%        N/A       34%         3
 Arcjolt                  Conj/Air       2%         1d12      97%         5
 Metabolic Englaciation   Hex/Ice        2%         N/A       97%         5
 Plasma Beam              Fire/Air       2%         2x1d14    100%        6
 Simulacrum               Ice/Necr       2%         N/A       100%        6
 Ozocubu's Refrigeration  Ice            2%         4d8       100%        7


Dungeon Overview and Level Annotations

Branches:
Dungeon (9/15)             Temple (1/1) D:6            Lair (0/5) D:8
    Orc (0/2) D:9           Sewer (visited)

Altars:
Ashenzari
Cheibriados
Dithmenos
Elyvilon
Fedhas
Gozag
Hepliaklqana
Kikubaaqudgha
Makhleb
Nemelex Xobeh
Okawaru
Qazlal
Ru
Sif Muna
Trog
Uskayaw
Vehumet
Xom
Yredelemnul
Zin
The Shining One

Annotations:
D:4 1 exclusion
D:9 Erica


Message History

You hit something. Something hits you. Something burns you.
You closely miss something. You punch something. Something hits you.
Something burns you.
You closely miss something.
You hear a zap.
The roots erupt in riotous growth!
The grasping roots grab you!
The now-empty wand crumbles to dust.
You are constricted!
* * * LOW HITPOINT WARNING * * *
You barely miss something. Something hits you.
* * * LOW HITPOINT WARNING * * *
Something burns you.
* * * LOW HITPOINT WARNING * * *
You are constricted.
You hit something. Something hits you!
* * * LOW HITPOINT WARNING * * *
Something burns you.
* * * LOW HITPOINT WARNING * * *
You are constricted.
* * * LOW HITPOINT WARNING * * *
Okay, then.
You closely miss something. Something hits you.
* * * LOW HITPOINT WARNING * * *
Something burns you.
* * * LOW HITPOINT WARNING * * *
You are constricted.
The grasping roots release their grip on you.
You closely miss something. You barely miss something.
You hear some strange, mumbled words.
Something tries to affect you, but you resist.
You hit something.
You hear some strange, mumbled words.
A bolt of poison appears from out of thin air!
The bolt of poison hits you. You resist.
* * * LOW HITPOINT WARNING * * *
You closely miss something. Something hits you.
* * * LOW HITPOINT WARNING * * *
Something burns you.
You die...

# ###############
#..y.ryh....h.y
#########.##########§##
####.....♣{..# #.##
####....######### #.>#
#....#### #### ###.##
#.# #.# #.# #.# #.##


There were no monsters in sight!

Vanquished Creatures
  A boulder beetle (D:7)
  Pikel (D:4)
  A manticore (D:7)
  Maurice (D:8)
  2 trolls (D:8)
  A wyvern (D:7)
  A steam dragon (D:6)
  3 wargs
  A water moccasin (D:7)
  2 orc warriors
  A black bear (D:7)
  4 ice beasts
  A sky beast (D:7)
  An ogre (D:5)
  5 centaurs
  A lemure (D:3)
  2 phantoms (D:5)
  5 kobold brigands
  A bullfrog (D:8)
  3 scorpions
  5 wights
  2 killer bees (D:9)
  A howler monkey (D:9)
  4 jellies
  3 hounds (D:5)
  A gnoll bouda (D:7)
  3 orc priests (D:8)
  2 sleepcaps
  2 iguanas
  Ijyb (D:4)
  2 orc wizards
  2 gnolls (D:4)
  4 adders
  A river rat (Sewer)
  2 shadow imps (D:7)
  A white imp (D:5)
  An ufetubus (D:6)
  2 worms (D:2)
  5 dart slugs
  6 orcs
  3 endoplasms
  4 giant cockroaches
  7 hobgoblins
  5 jackals
  25 kobolds
  4 quokkas
  3 ball pythons
  A bat (D:1)
  A frilled lizard (D:2)
  8 goblins
  5 rats
154 creatures vanquished.

Vanquished Creatures (collateral kills)
  A hydra (D:8)
  Edmund (D:5)
  2 black bears
  A hound (D:5)
  A jelly (D:5)
  A sleepcap (D:5)
  Robin (D:4)
  3 gnolls
  5 orcs
  A bat (D:3)
  7 endoplasms
  A giant cockroach (D:5)
  A goblin (D:1)
  3 hobgoblins
  A jackal (D:2)
  6 kobolds
  2 ball pythons
  2 frilled lizards (D:1)
  3 rats
43 creatures vanquished.

Vanquished Creatures (others)
  35 plants
35 creatures vanquished.

Grand Total: 232 creatures vanquished

Notes
Turn   | Place    | Note
-------+----------+-------------------------------------------
     0 | D:1      | Lobster4 the Human Wanderer began the quest for the Orb.
     0 | D:1      | Lobster4 set off with the following items: a +0 dagger, 14
                  | poisoned darts, a potion of attraction, a +0 robe; and the
                  | following spells available to memorise: Summon Small
                  | Mammal, Sandblast, Summon Guardian Golem, Stone Arrow,
                  | Summon Ice Beast.
     0 | D:1      | Reached XP level 1. HP: 13/13 MP: 3/3
     2 | D:1      | Learned a level 1 spell: Summon Small Mammal
     4 | D:1      | Learned a level 1 spell: Sandblast
   236 | D:1      | Reached XP level 2. HP: 5/19 MP: 1/5
   607 | D:1      | Found a faded altar of an unknown god.
   706 | D:1      | Reached XP level 3. HP: 21/25 MP: 3/6
  1255 | D:2      | Reached XP level 4. HP: 29/31 MP: 7/7
  1664 | D:3      | Reached skill level 1 in Dodging
  1923 | D:3      | Found an ancient bone altar of Kikubaaqudgha.
  1974 | D:3      | Identified the +1 ring mail of the Tired Artists {Str+2
                  | Int+2}
  2336 | D:4      | Noticed a lemure
  2563 | D:4      | Noticed Robin
  2575 | D:4      | Killed Robin
  2735 | D:3      | Killed a lemure
  2738 | D:3      | Reached XP level 5. HP: 12/36 MP: 5/8
  2968 | D:4      | Noticed Ijyb
  2987 | D:4      | Reached skill level 1 in Maces & Flails
  3011 | D:4      | Reached skill level 1 in Short Blades
  3018 | D:4      | Reached skill level 1 in Fighting
  3021 | D:4      | Reached skill level 1 in Armour
  3074 | D:4      | Noticed Pikel
  3147 | D:5      | Entered Level 5 of the Dungeon
  3174 | D:5      | Reached XP level 6. HP: 34/43 MP: 7/10
  3236 | D:5      | Found a glowing drain.
  3271 | Sewer    | Entered a sewer
  3354 | Sewer    | Reached skill level 1 in Evocations
  3439 | Sewer    | Found a glowing silver altar of Zin.
  3657 | D:5      | Reached XP level 7. HP: 18/49 MP: 8/11
  4382 | D:5      | Reached skill level 5 in Summonings
  4382 | D:5      | Reached XP level 8. HP: 51/57 MP: 10/13
  4927 | D:7      | Noticed a boulder beetle
  4933 | D:6      | Noticed Edmund
  4958 | D:5      | Killed Edmund
  5124 | D:4      | Killed Ijyb
  5246 | D:4      | Found a glowing golden altar of the Shining One.
  5427 | D:4      | Killed Pikel
  5428 | D:4      | Reached XP level 9. HP: 49/65 MP: 12/15
  5610 | D:6      | Reached skill level 6 in Summonings
  5920 | D:6      | Found a staircase to the Ecumenical Temple.
  5936 | Temple   | Entered the Ecumenical Temple
  6055 | Temple   | Became a worshipper of Sif Muna the Loreminder
  6060 | Temple   | Learned a level 3 spell: Stone Arrow
  6321 | D:7      | Noticed a manticore
  6337 | D:7      | Killed a manticore
  6338 | D:7      | Reached skill level 5 in Spellcasting
  6338 | D:7      | Reached skill level 1 in Invocations
  6479 | D:7      | Reached skill level 5 in Earth Magic
  6498 | D:7      | Reached XP level 10. HP: 50/73 MP: 17/17
  6650 | D:7      | Killed a boulder beetle
  6651 | D:7      | Reached skill level 5 in Fighting
  6651 | D:7      | Reached skill level 5 in Armour
  7205 | D:7      | Reached * piety under Sif Muna
  7473 | D:7      | Found an opulent altar of Gozag.
  7485 | D:7      | Found a shadowy altar of Dithmenos.
  7596 | D:7      | Reached skill level 7 in Summonings
  8340 | D:7      | Identified the ring of Parphych {rPois Will- rCorr Str+6}
  9136 | D:8      | Noticed Maurice
  9212 | D:8      | Found a staircase to the Lair.
  9495 | D:8      | Killed Maurice
  9496 | D:8      | Reached XP level 11. HP: 76/81 MP: 20/20
  9565 | D:8      | Found a glowing silver altar of Zin.
  9658 | D:8      | Found the +1 robe of Vines {NoPotionHeal Regen++++}
  9659 | D:8      | Noticed a five-headed hydra
  9696 | D:8      | Killed a five-headed hydra
  9696 | D:8      | Reached ** piety under Sif Muna
 10697 | D:9      | Found a staircase to the Orcish Mines.
 10711 | D:9      | Noticed Erica
 10765 | D:9      | HP: 5/124 [something/bolt of poison (3)]
 10766 | D:9      | HP: 1/124 [something (5)]
 10766 | D:9      | Slain by Erica

Illustrated notes

Levels and vault maps discovered:
D:1:      minmay_arrival_doors, layout_basic,
          hellmonk_ecumenical_altar_crossroads, kennysheep_boxes
D:2:      layout_basic, chequers_serial_rivers_room_b, minmay_bisected
D:3:      wander_river, layout_rooms, mainiacjoe_overflow_boulevard
D:4:      cheibrodos_helix_gallery, layout_rooms,
          nicolae_tso_swordbearing_angel, due_unseen_surprise, uniq_pikel,
          uniq_ijyb, uniq_robin
D:5:      layout_loops_ring, portal_sewer_entry_f
D:6:      layout_rooms, minmay_temple_entry_offerings, uniq_edmund
D:7:      minmay_bubble_buster, layout_basic, mainiacjoe_overflow_big_doors
D:8:      layout_loops_ring, zin_academy, erik_lair_orcish_takeover,
          hellmonk_guarded_unrand_vines, uniq_maurice
D:9:      layout_rooms, orc_0_dummy, serial_shops, shop,
          ebering_ghost_rock_garden, uniq_erica
Temple:   kb_temple_of_zot

Skill      XL: |  1  2  3  4  5  6  7  8  9 10 11 |
---------------+----------------------------------+-----
Dodging        | 1 2 3 |  3.0
Maces & Flails | 1 2 |  2.0
Short Blades   | 1 2 3 |  3.0
Fighting       | 1 2 3 4 6 |  6.4
Armour         | 1 2 3 4 5 6 |  6.0
Earth Magic    | 2 4 5 6 |  6.7
Evocations     | 1 2 3 |  3.0
Spellcasting   | 3 4 5 6 |  6.3
Throwing       | 3 |  3.0
Summonings     | 5 6 7 |  7.8
Invocations    | 2 4 |  4.9
Stealth        | |  1.0

Action                     |  1- 3 |  4- 6 |  7- 9 | 10-12 || total
---------------------------+-------+-------+-------+-------++-------
  Melee: Dagger            |    22 |       |    83 |   235 ||   340
         Whip              |    48 |   136 |   108 |       ||   292
         Short sword       |     3 |       |       |       ||     3
         Punch             |       |     1 |     4 |     6 ||    11
  Throw: Dart              |     5 |     1 |       |     5 ||    11
         Javelin           |       |     7 |     1 |    19 ||    27
   Cast: Summon Small Mamm |    34 |    57 |    64 |    61 ||   216
         Sandblast         |     4 |     3 |     7 |     6 ||    20
         Stone Arrow       |       |       |       |    17 ||    17
  Evoke: Wand              |       |       |     1 |     7 ||     8
    Use: Scroll            |       |    10 |     5 |     7 ||    22
         Potion            |       |     1 |     3 |     3 ||     7
   Stab: Sleeping          |     1 |       |       |       ||     1
         Distracted        |       |       |     2 |     1 ||     3
 Armour: Robe              |    15 |     1 |       |       ||    16
         Ring mail         |       |    61 |   106 |   151 ||   318
  Dodge: Dodged            |    51 |   129 |   148 |   200 ||   528

Table legend: (Time is in decaauts)
 A = Elapsed time spent in this place.
 B = Non-inter-level travel time spent in this place.
 C = Inter-level travel time spent in this place.
 D = Time resting spent in this place.
 E = Time spent auto-exploring this place.
 F = Levels seen in this place.
 G = Mean time per level.
                   A        B        C        D        E       F      G
               +--------+--------+--------+--------+--------+-----+--------+
         Total |  10878 |  10175 |    703 |   1828 |   5576 |  11 |  988.9 |
       Dungeon |  10397 |   9743 |    654 |   1828 |   5288 |   9 | 1155.2 |
        Temple |    145 |     96 |     49 |      0 |     80 |   1 |  145.0 |
         Sewer |    335 |    335 |      0 |      0 |    208 |   1 |  335.0 |
               +--------+--------+--------+--------+--------+-----+--------+

Top non-repeatable levels by time:
     D:7: 2608 daAuts
     D:5: 1506 daAuts
     D:8: 1416 daAuts
     D:6: 1129 daAuts
     D:3: 1106 daAuts
     D:1: 897 daAuts
     D:4: 868 daAuts
     D:2: 760 daAuts
   Sewer: 335 daAuts
  Temple: 145 daAuts
     D:9: 103 daAuts
